 Dungeon Crawl Stone Soup version 0.30-a0-347-gf58ed5266c (webtiles) character file.

Game seed: 13148852903497045407

29266 Lobster4 the Destroyer (level 13, -6/111 HPs)
             Began as a Pale Draconian Conjurer on Nov 5, 2022.
             Was a High Priest of the Shining One.
             Mangled by a komodo dragon (19 damage)
             ... on level 2 of the Lair of Beasts.
             The game lasted 01:06:49 (23380 turns).

Lobster4 the Destroyer (Pale Draconian Conjurer)   Turns: 23380, Time: 01:06:50

Health: -6/111     AC: 21    Str: 10    XL:     13   Next: 14%
Magic:  20/25      EV: 16    Int: 22    God:    the Shining One [*****.]
Gold:   170        SH:  0    Dex: 16    Spells: 13/28 levels left

rFire   . . .      SeeInvis +    a - +3 mace (protect)
rCold   . . .      Faith    .    (no shield)
rNeg    + + .      Spirit   .    (body armour unavailable)
rPois   +          Reflect  .    (helmet restricted)
rElec   .          Harm     .    u - +1 cloak
rCorr   +          Rampage  .    (no gloves)
Will    .....                    (no boots)
Stlth   +.........               (no amulet)
HPRegen 0.38/turn                t - ring "Myoxutasum" {rPois rCorr Dex+5 SInv}
MPRegen 0.19/turn                K - +4 ring of protection

@: about to teleport, under a protective aura, glowing
A: breathe steam, AC +8, unfitting armour, cold-blooded, steam resistance
a: Breathe Steam, Renounce Religion, Divine Shield, Cleansing Flame, Summon
Divine Warrior


You were on level 2 of the Lair of Beasts.
You worshipped the Shining One.
The Shining One was extremely pleased with you.
You visited 4 branches of the dungeon, and saw 17 of its levels.

You collected 1074 gold pieces.
You spent 904 gold pieces at shops.

Inventory:

Hand Weapons
 a - a +3 mace of protection (weapon)
 b - a +0 shortbow
 f - a +0 broad axe
 B - a +3 falchion of freezing
Missiles
 d - 49 poisoned darts
 l - 9 boomerangs (quivered)
 p - 6 atropa-tipped darts
 G - 4 curare-tipped darts
Armour
 u - a +1 cloak (worn)
Jewellery
 o - a ring of positive energy
 t - the ring "Myoxutasum" (left hand) {rPois rCorr Dex+5 SInv}
   (You bought it in a shop on level 8 of the Dungeon)

   [ring of resist corrosion]

   Dex:       It affects your dexterity (+5).
   rPois:     It protects you from poison.
   SInv:      It lets you see invisible.
   rCorr:     It protects you from acid and corrosion.
 H - a ring of see invisible
 K - a +4 ring of protection (right hand)
Wands
 e - a wand of flame (26)
 r - a wand of paralysis (5)
 E - a wand of polymorph (12)
Scrolls
 c - 2 scrolls of teleportation
 n - 2 scrolls of identify
 v - a scroll of enchant armour
 w - a scroll of poison
 y - 2 scrolls of immolation
 D - a scroll of enchant weapon
 I - 2 scrolls of amnesia
Potions
 g - 2 potions of magic
 h - a potion of brilliance
 i - 4 potions of cancellation
 j - 6 potions of might
 k - a potion of curing
 m - a potion of haste
 q - 3 potions of lignification
 s - 2 potions of flight
 F - 2 potions of resistance


   Skills:
 + Level 9.6 Fighting
 - Level 2.0 Long Blades
 - Level 2.0(2.3) Axes
 + Level 1.9(2.3) Maces & Flails
 - Level 2.0 Ranged Weapons
 - Level 3.0 Throwing
 + Level 8.3 Dodging
 - Level 2.0 Stealth
 + Level 8.4 Spellcasting
 - Level 10.0 Conjurations
 + Level 0.6 Summonings
 - Level 2.0 Transmutations
 + Level 9.1 Air Magic
 - Level 2.0 Earth Magic
 + Level 7.5 Poison Magic
 + Level 5.0 Invocations
 - Level 3.0 Evocations


You had 13 spell levels left.
You knew the following spells:

 Your Spells              Type           Power      Damage    Failure   Level
a - Magic Dart            Conj           100%       1d8       1%          1
b - Searing Ray           Conj           100%       2d8       1%          2
c - Poisonous Vapours     Pois/Air       90%        N/A       1%          2
d - Olgreb's Toxic Radia  Pois           42%        N/A       3%          4
e - Passwall              Tmut/Erth      15%        N/A       4%          2
f - Summon Lightning Spi  Summ/Air       30%        N/A       10%         4

Your spell library contained the following spells:

 Spells                   Type           Power      Damage    Failure   Level
 Sting                    Tmut/Pois      100%       1d8       1%          1
 Dazzling Flash           Conj/Hex       62%        N/A       2%          3
 Apportation              Tloc           18%        N/A       7%          1
 Fulminant Prism          Conj/Hex       15%        3d10      9%          4
 Iskenderun's Mystic Bla  Conj/Tloc      31%        2d8       9%          4
 Irradiate                Conj/Tmut      17%        3d17      17%         5
 Alistair's Intoxication  Tmut/Pois      20%        N/A       28%         5
 Summon Ice Beast         Ice/Summ       10%        N/A       54%         4
 Anguish                  Hex/Necr       4%         N/A       56%         4
 Blade Hands              Tmut           9%         N/A       65%         5
 Iron Shot                Conj/Erth      17%        9d4       67%         6
 Summon Mana Viper        Hex/Summ       10%        N/A       87%         5
 Metabolic Englaciation   Hex/Ice        4%         N/A       89%         5
 Storm Form               Tmut/Air       16%        N/A       99%         7
 Dragon Form              Tmut           9%         N/A       100%        7
 Monstrous Menagerie      Summ           5%         N/A       100%        7
 Maxwell's Capacitive Co  Air            24%        ∞         100%        8
 Animate Armour           Summ/Erth      Unusable   N/A       N/A         4

Dungeon Overview and Level Annotations

Branches:
Dungeon (12/15)            Temple (1/1) D:4            Lair (2/5) D:11
 Shoals (0/4) Lair:2          Orc (2/2) D:11
  Snake: Lair:2-3    Spider: Lair:2-3       Elf: Orc:2

Altars:
Ashenzari
Cheibriados
Dithmenos
Elyvilon
Fedhas
Gozag
Hepliaklqana
Kikubaaqudgha
Makhleb
Nemelex Xobeh
Okawaru
Qazlal
Ru
Sif Muna
Trog
Uskayaw
Vehumet
Wu Jian
Xom
Yredelemnul
Zin
The Shining One

Shops:
D:1 =   D:2 **=   D:6 **   D:8 =   D:11 :   Orc:2 [


Innate Abilities, Weirdness & Mutations

You can breathe blasts of scalding, opaque steam.
Your pale cyan-grey scales are hard. (AC +8)
You cannot fit into any form of body armour.
You are cold-blooded and may be slowed by cold attacks.
You are immune to the effects of steam.


Message History

Press: ? - help, Dir - move target, f - komodo dragon, p - snapping turtle
Aim: a komodo dragon (haloed) Poisonous vapours surround the komodo dragon!
The komodo dragon is poisoned.
The komodo dragon closely misses you. The komodo dragon closely misses you.
The komodo dragon attacks as you move away!
The komodo dragon bites you!!
The komodo dragon attacks as you move away!
The komodo dragon bites you!!
The komodo dragon attacks as you move away!
The komodo dragon bites you.
Casting: Poisonous Vapours (safe; 1% risk of failure)
Confirm with . or Enter, or press ? or * to list all spells.
You begin to radiate toxic energy.
The snapping turtle looks even sicker.
The komodo dragon looks even sicker.
The snapping turtle looks as sick as possible!
The komodo dragon bites you but does no damage.
You hit the komodo dragon but do no damage.
Your weapon exudes an aura of protection.
The komodo dragon is moderately wounded.
Your toxic aura wanes.
The komodo dragon bites you!
You hit the komodo dragon but do no damage.
You tail-slap the komodo dragon, but do no damage.
The komodo dragon is moderately wounded.
The komodo dragon bites you!
The komodo dragon hisses angrily.
You hit the komodo dragon but do no damage.
The komodo dragon is moderately wounded.
The komodo dragon hisses menacingly.
The komodo dragon bites you!
The snapping turtle bites you from afar!!
* * * LOW HITPOINT WARNING * * *
The komodo dragon bites you but does no damage.
As you read the scroll of teleportation, it crumbles to dust.
You feel strangely unstable.
The snapping turtle bites you from afar!
* * * LOW HITPOINT WARNING * * *
The komodo dragon bites you!!
You die...

#.............?...... <.
P.................... ..
##....#.<.####..#.###P
## . ##..# #....# #
#...# #..### ..#
#..####..#### ####...#
##..#.....#PP###P.#...##
........................
.......@lt.............^
..l.....................
........................
........................
........................
........................
.............>..........
.....####....##.#....###
..# #...########..##


You could see a snapping turtle (very poisoned) and 2 komodo dragons.

Vanquished Creatures
  An ogre mage (D:10)
  7 two-headed ogres
  4 boulder beetles
  Erica (D:11)
  5 death yaks (Lair:1)
  A tengu warrior (D:10)
  2 deep trolls (Orc:1)
  A deep elf pyromancer (D:12)
  3 cyclopes
  A black mamba (Lair:1)
  3 cane toads (Lair:1)
  A rime drake (Lair:1)
  A komodo dragon (Lair:1)
  3 kobold demonologists (D:10)
  8 trolls
  5 slime creatures (D:12)
  A hornet (D:9)
  3 wraiths
  A shadow (D:11)
  2 wyverns
  8 yaks
  3 steam dragons
  6 vampire mosquitoes
  7 water moccasins
  3 black bears
  14 orc warriors
  A sky beast (D:6)
  An ice beast (D:8)
  6 ogres
  5 centaurs
  2 phantoms
  7 kobold brigands
  8 bullfrogs
  A gnoll sergeant (D:10)
  4 scorpions
  4 wights (D:9)
  9 killer bees
  A howler monkey (D:5)
  4 electric eels (Lair:1)
  Crazy Yiuf (D:2)
  A jelly (D:5)
  14 orc priests
  A gnoll bouda (D:6)
  3 hounds
  12 orc wizards
  Natasha (thrice) (D:2)
  4 iguanas
  6 hell rats (Lair:2)
  4 spriggan simulacra (D:11)
  8 adders
  12 gnolls
  A naga simulacrum (D:11)
  A shadow imp (D:6)
  2 white imps
  4 worms
  2 dart slugs (D:1)
  67 orcs
  4 giant cockroaches
  5 goblins
  4 hobgoblins
  6 jackals
  5 quokkas
  8 ball pythons
  A bat (D:2)
  2 frilled lizards
  40 kobolds
  6 rats
375 creatures vanquished.

Vanquished Creatures (others)
  A manticore (D:12)
  17 fungi
  118 plants
136 creatures vanquished.

Grand Total: 511 creatures vanquished

Notes
Turn   | Place    | Note
-------+----------+-------------------------------------------
     0 | D:1      | Lobster4 the Draconian Conjurer began the quest for the
                  | Orb.
     0 | D:1      | Reached XP level 1. HP: 14/14 MP: 3/3
   308 | D:1      | Found Vazoit's One-of-a-Kind Rings.
   593 | D:1      | Reached XP level 2. HP: 22/22 MP: 1/5
   596 | D:1      | Learned a level 2 spell: Searing Ray
  1387 | D:2      | Found Xahoeps's General Store.
  1486 | D:2      | Found Puoreuly's Jewellery Boutique.
  1490 | D:2      | Reached skill level 1 in Fighting
  1546 | D:2      | Found a shimmering altar of Xom.
  1548 | D:2      | Noticed Natasha
  1551 | D:2      | Killed Natasha
  1552 | D:2      | Reached XP level 3. HP: 23/28 MP: 1/6
  1758 | D:2      | Reached XP level 4. HP: 36/36 MP: 1/7
  1826 | D:2      | Noticed Natasha
  1830 | D:2      | Killed Natasha
  2192 | D:2      | Found Saneyseu's Assorted Antiques.
  2376 | D:2      | Found a runed translucent door.
  2377 | D:2      | Noticed Crazy Yiuf
  2450 | D:2      | Noticed Natasha
  2604 | D:2      | Killed Natasha
  2605 | D:2      | Reached XP level 5. HP: 42/42 MP: 5/9
  2834 | D:2      | Killed Crazy Yiuf
  3331 | D:3      | Found a white marble altar of Elyvilon.
  3599 | D:4      | Found a staircase to the Ecumenical Temple.
  3656 | Temple   | Entered the Ecumenical Temple
  3701 | Temple   | Became a worshipper of the Shining One
  3872 | D:4      | Noticed an orc warrior
  4151 | D:4      | Reached skill level 5 in Conjurations
  4151 | D:4      | Reached XP level 6. HP: 50/50 MP: 2/10
  4457 | D:4      | Killed an orc warrior
  4458 | D:4      | Reached skill level 1 in Axes
  4458 | D:4      | Reached skill level 1 in Invocations
  4716 | D:4      | Your scales start taking on a pale cyan-grey colour.
  4716 | D:4      | Reached XP level 7. HP: 57/57 MP: 7/12
  4716 | D:4      | Gained mutation: You are immune to the effects of steam.
                  | [Pale Draconian growth]
  4780 | D:4      | Found an opulent altar of Gozag.
  4984 | D:4      | Learned a level 2 spell: Poisonous Vapours
  4984 | D:4      | Found a shimmering altar of Xom.
  5142 | D:5      | Entered Level 5 of the Dungeon
  5405 | D:5      | Reached * piety under the Shining One
  5461 | D:5      | Reached skill level 1 in Air Magic
  5529 | D:5      | Reached skill level 1 in Poison Magic
  6700 | D:5      | Reached XP level 8. HP: 62/66 MP: 7/14
  7401 | D:6      | Reached skill level 6 in Conjurations
  7454 | D:6      | Found Utoliepp's Serpentskin Sales.
  7645 | D:6      | Found Nialut's General Store.
  7654 | D:6      | Reached skill level 1 in Ranged Weapons
  7879 | D:6      | Reached skill level 5 in Fighting
  8198 | D:6      | Reached XP level 9. HP: 63/74 MP: 2/16
  8309 | D:6      | Found an iron altar of Okawaru.
  8561 | D:2      | Bought a dazzling shortbow for 216 gold pieces
  8561 | D:2      | Identified the +5 shortbow of Exoneration {drain, rC+ Str+3
                  | Dex+4} (You bought it in a shop on level 2 of the Dungeon)
  8934 | D:7      | Reached skill level 5 in Spellcasting
  9291 | D:7      | Noticed a two-headed ogre
  9642 | D:7      | Found a sparkling altar of Nemelex Xobeh.
  9697 | D:7      | Killed a two-headed ogre
  9698 | D:7      | Reached skill level 1 in Maces & Flails
  9698 | D:7      | Reached skill level 1 in Throwing
  9698 | D:7      | Reached skill level 5 in Dodging
  9698 | D:7      | Reached skill level 7 in Conjurations
  9698 | D:7      | Reached skill level 1 in Evocations
  9823 | D:7      | Found a shimmering blue altar of Sif Muna.
  9954 | D:7      | Found a basalt altar of Yredelemnul.
 10000 | D:8      | Reached ** piety under the Shining One
 10705 | D:7      | Reached XP level 10. HP: 75/83 MP: 12/18
 11065 | D:8      | Found Peara Unoawn's Jewellery Shoppe.
 11087 | D:8      | Reached skill level 5 in Air Magic
 12094 | D:8      | Learned a level 4 spell: Olgreb's Toxic Radiance
 12305 | D:9      | Found a faded altar of an unknown god.
 12305 | D:9      | Found a faded altar of an unknown god.
 12362 | D:9      | Found a snail-covered altar of Cheibriados.
 12364 | D:9      | Found a sacrificial altar of Ru.
 12366 | D:9      | Found an ornate altar of the Wu Jian Council.
 12503 | D:9      | Found a hide-covered altar of Uskayaw.
 12843 | D:9      | Found a stormy altar of Qazlal.
 13296 | D:9      | Reached skill level 1 in Long Blades
 13396 | D:10     | Entered Level 10 of the Dungeon
 13401 | D:10     | Found a blossoming altar of Fedhas.
 13480 | D:10     | Reached skill level 8 in Conjurations
 13590 | D:10     | Noticed a smoke demon
 13591 | D:10     | Reached *** piety under the Shining One
 13719 | D:10     | Noticed a soul eater
 13721 | D:10     | Reached skill level 5 in Poison Magic
 13826 | D:10     | Noticed a soul eater
 14400 | D:10     | Reached XP level 11. HP: 83/92 MP: 11/20
 14718 | D:10     | Noticed a tengu warrior
 14734 | D:10     | Killed a tengu warrior
 15297 | D:10     | Noticed an ogre mage
 15306 | D:10     | Killed an ogre mage
 15704 | D:11     | Found a staircase to the Orcish Mines.
 15843 | D:11     | Noticed a boulder beetle
 15859 | D:11     | Killed a boulder beetle
 15942 | D:11     | Noticed a boulder beetle
 15956 | D:11     | Killed a boulder beetle
 16073 | D:11     | Noticed Erica
 16093 | D:11     | Killed Erica
 16275 | D:11     | Found a frozen archway.
 16491 | D:11     | Noticed a two-headed ogre
 16519 | D:11     | Killed a two-headed ogre
 16788 | D:11     | Noticed a two-headed ogre
 16822 | D:11     | Killed a two-headed ogre
 16823 | D:11     | Reached skill level 9 in Conjurations
 16891 | D:11     | Noticed a boulder beetle
 16905 | D:11     | Killed a boulder beetle
 16907 | D:11     | Got Sif Muna's Compendium of Changed Hexing
 16918 | D:11     | Learned a level 2 spell: Passwall
 16936 | D:11     | Found Pequw's Book Shop.
 17009 | D:11     | Reached **** piety under the Shining One
 17219 | D:11     | Found a staircase to the Lair.
 17873 | D:12     | Reached XP level 12. HP: 89/103 MP: 14/23
 18112 | D:12     | Noticed a boulder beetle
 18137 | D:12     | Reached skill level 1 in Transmutations
 18137 | D:12     | Reached skill level 1 in Earth Magic
 18144 | D:12     | Killed a boulder beetle
 18966 | D:12     | Found a shadowy altar of Dithmenos.
 19690 | D:8      | Bought the ring "Myoxutasum" {rPois rCorr Dex+5 SInv} for
                  | 688 gold pieces
 19773 | Lair:1   | Entered Level 1 of the Lair of Beasts
 20377 | Lair:1   | Noticed a death yak
 20418 | Lair:1   | Killed a death yak
 20500 | Lair:1   | Noticed a death yak
 20500 | Lair:1   | Noticed a death yak
 20500 | Lair:1   | Noticed a death yak
 20545 | Lair:1   | Killed a death yak
 20653 | Orc:1    | Entered Level 1 of the Orcish Mines
 20745 | Orc:2    | Entered Level 2 of the Orcish Mines
 20745 | Orc:2    | Found Valukh's Antique Armour Shoppe.
 21070 | Orc:2    | Noticed a two-headed ogre
 21070 | Orc:2    | Reached ***** piety under the Shining One
 21070 | Orc:2    | Noticed a two-headed ogre
 21072 | Orc:2    | Noticed an ogre mage
 21073 | Orc:2    | Noticed a two-headed ogre
 21074 | Orc:2    | Killed a two-headed ogre
 21074 | Orc:2    | Noticed a two-headed ogre
 21074 | Orc:2    | Noticed a two-headed ogre
 21074 | Orc:2    | Noticed a two-headed ogre
 21076 | Orc:2    | Killed a two-headed ogre
 21077 | Orc:2    | Reached skill level 5 in Invocations
 21077 | Orc:2    | Noticed a two-headed ogre
 21077 | Orc:2    | Noticed a two-headed ogre
 21081 | Orc:2    | Noticed an ogre mage
 21084 | Orc:2    | Killed a two-headed ogre
 21097 | Orc:1    | Killed a two-headed ogre
 21490 | Lair:1   | Noticed a death yak
 21519 | Lair:1   | Killed a death yak
 21640 | Lair:1   | Killed a death yak
 21641 | Lair:1   | Reached XP level 13. HP: 59/111 MP: 22/25
 21920 | Lair:1   | Learned a level 4 spell: Summon Lightning Spire
 22172 | Lair:1   | Reached skill level 10 in Conjurations
 23352 | Lair:2   | Found a staircase to the Shoals.
 23380 | Lair:2   | Mangled by a komodo dragon

Illustrated notes

Levels and vault maps discovered:
D:1:      psy_arrival_heroes, layout_basic, nicolae_shop_unique_rings,
          columned_hall_lemuel
D:2:      layout_loops_ring, serial_shops, shop_statue, nicolae_lakefront_shop,
          shop, basic_altar, amcnicky_mini_rare_corridor_liquid,
          uniq_crazy_yiuf_cottage, uniq_natasha
D:3:      layout_rooms, mainiacjoe_overflow_boulevard
D:4:      layout_loops_ring, lemuel_crystal_altar,
          mainiacjoe_overflow_small_starburst,
          minmay_temple_entry_drinking_statues, fountainhead
D:5:      layout_basic, kennysheep_windowed_goal
D:6:      layout_basic, okawaru_ov_weapons_minmay, serial_shops, shop_coins,
          guppyfry_shop_venom
D:7:      layout_basic, mainiacjoe_overflow_surrounded_room,
          mainiacjoe_overflow_alcove_4, marbit_many_paths
D:8:      layout_cave_pools, serial_shops, shop_statue, special_room
          [special_room_orc]
D:9:      layout_long_grid, kennysheep_mini,
          chequers_temple_overflow_minitemple, nicolae_overflow_hidden_temple
D:10:     layout_gridville, mainiacjoe_overflow_cross_hatched, wad_mini_maze
D:11:     layout_long_grid, grunt_lair_entry_orc_guard_hut,
          minmay_orc_entry_temple_small, serial_shops, shop,
          portal_ice_cave_entry_ice_simulacra, uniq_erica
D:12:     layout_layer_cave, grunt_dithmenos_smoke_and_mirrors
Temple:   kb_temple_of_zot
Lair:1:   layout_cave_pods, serial_bayou, serial_bayou_lagoon_b,
          serial_bayou_pond_d, serial_bayou_lake_a, serial_bayou_lagoon_a,
          serial_bayou_pond_e, serial_bayou_crossing
Lair:2:   layout_small_grid, minmay_shoals_entry_hut
Orc:1:    layout_diamond_mine, nicolae_volcano_entry_two_sided,
          nicolae_orc_tapped_out, uniq_josephine, uniq_sonja
Orc:2:    st_orc_open, layout_diamond_mine, serial_shops, nicolae_shop_trees,
          mines1_david, uniq_rupert

Skill      XL: |  1  2  3  4  5  6  7  8  9 10 11 12 13 |
---------------+----------------------------------------+-----
Stealth        | 2 |  2.0
Dodging        | 2 3 4 5 6 7 8 |  8.3
Fighting       | 1 2 3 4 5 6 7 8 9 |  9.6
Spellcasting   | 3 4 5 6 7 8 |  8.4
Conjurations   | 5 6 7 8 9 10 | 10.0
Axes           | 1 2 |  2.0
Invocations    | 1 2 3 5 |  5.0
Air Magic      | 1 3 4 6 7 8 9 |  9.1
Poison Magic   | 1 3 4 5 6 7 |  7.5
Ranged Weapons | 1 2 |  2.0
Maces & Flails | 1 |  1.9
Throwing       | 1 3 |  3.0
Evocations     | 2 3 |  3.0
Long Blades    | 2 |  2.0
Transmutations | 2 |  2.0
Earth Magic    | 2 |  2.0
Summonings     | |  0.6

Action                   |  1- 3 |  4- 6 |  7- 9 | 10-12 | 13-15 || total
-------------------------+-------+-------+-------+-------+-------++-------
Melee: War axe           |     4 |     2 |       |       |       ||     6
       Tailslap          |     1 |       |     4 |    27 |     3 ||    35
       Broad axe         |       |       |     4 |       |       ||     4
       Flail             |       |       |    16 |       |       ||    16
       Mace              |       |       |     3 |   135 |    13 ||   151
       Punch             |       |       |       |     3 |     1 ||     4
Throw: Dart              |       |    10 |     1 |     4 |       ||    15
       Boomerang         |       |       |     2 |     1 |       ||     3
       Throwing net      |       |       |       |     1 |       ||     1
 Cast: Magic Dart        |    42 |    75 |    79 |   136 |     4 ||   336
       Searing Ray       |     2 |    26 |    73 |   110 |    12 ||   223
       Poisonous Vapours |       |       |    12 |   137 |    25 ||   174
       Olgreb's Toxic Ra |       |       |       |    15 |     3 ||    18
 Abil: Breathe Steam     |       |       |     1 |       |     1 ||     2
Evoke: Wand              |       |       |     1 |     4 |     1 ||     6
  Use: Scroll            |       |     5 |     9 |    13 |     5 ||    32
       Potion            |       |       |     1 |     6 |     2 ||     9
Armor: Skin              |     2 |     3 |    61 |   151 |    27 ||   244
Dodge: Dodged            |    12 |    11 |   115 |   328 |    64 ||   530

Table legend: (Time is in decaauts)
 A = Elapsed time spent in this place.
 B = Non-inter-level travel time spent in this place.
 C = Inter-level travel time spent in this place.
 D = Time resting spent in this place.
 E = Time spent auto-exploring this place.
 F = Levels seen in this place.
 G = Mean time per level.
                   A        B        C        D        E       F      G
               +--------+--------+--------+--------+--------+-----+--------+
         Total |  23560 |  22029 |   1531 |   6200 |  12032 |  17 | 1385.9 |
       Dungeon |  20045 |  18623 |   1422 |   4713 |  10814 |  12 | 1670.4 |
        Temple |     75 |     46 |     29 |      0 |     33 |   1 |   75.0 |
          Lair |   2949 |   2898 |     51 |   1194 |   1128 |   2 | 1474.5 |
  Orcish Mines |    489 |    460 |     29 |    293 |     57 |   2 |  244.5 |
               +--------+--------+--------+--------+--------+-----+--------+

Top non-repeatable levels by time:
  Lair:1: 2707 daAuts
    D:10: 2303 daAuts
    D:11: 2255 daAuts
    D:12: 1997 daAuts
     D:8: 1855 daAuts
     D:6: 1790 daAuts
     D:4: 1639 daAuts
     D:5: 1597 daAuts
     D:1: 1537 daAuts
     D:7: 1518 daAuts
     D:2: 1466 daAuts
     D:9: 1365 daAuts
     D:3: 720 daAuts
   Orc:1: 457 daAuts
  Lair:2: 241 daAuts
